 Dungeon Crawl Stone Soup version 0.31.0-32-g396128a36d (webtiles) character file.

Game seed: 5640763651050734999

200 Alphaeus the Ruffian (level 5, -3/44 (49) HPs)
             Began as a Troll Shapeshifter on Mar 19, 2024.
             Was a Believer of Wu Jian.
             Slain by an iguana (6 damage)
             ... on level 4 of the Dungeon.
             The game lasted 00:02:25 (2518 turns).

Alphaeus the Ruffian (Troll Shapeshifter)           Turns: 2518, Time: 00:02:26

HP:   -3/44 (49)    AC:  4    Str: 24    XL:     5   Next: 48%
MP:   4/4           EV:  9    Int:  6    God:    Wu Jian [**....]
Gold: 154           SH:  0    Dex:  9    Spells: 4/4 levels left

rFire   . .          .
                       - Unarmed
rCold   . . .        (no shield)
rNeg    . . .        a - +0 animal skin
rPois   .            (helmet currently unavailable)
rElec   .            (cloak currently unavailable)
rCorr   .            (gloves unavailable)
SInv    .            (boots unavailable)
Will    .....        (no amulet)
Stlth   +            (no ring)
HPRegen 1.07/turn    (no ring)
MPRegen 0.09/turn

%: no passive effects
@: beast-form, heavily drained
A: beast (slay +2), large, unfitting armour, claws 3, regeneration 1, shaggy fur
1, tough skin 1
a: Begin Untransformation, Renounce Religion, Wall Jump


You were on level 4 of the Dungeon.
You worshipped Wu Jian.
Wu Jian was pleased with you.
You were a hulking beast.
You visited 1 branch of the dungeon, and saw 4 of its levels.

You collected 154 gold pieces.

Inventory:

Armour
 a - a +0 animal skin (worn)
Jewellery
 e - an amulet of faith
 f - a ring of flight
Talismans
 c - a beast talisman
 d - a flux talisman
 r - a maw talisman
Wands
 l - a wand of light (6)
Scrolls
 g - a scroll of poison {unknown}
 k - a scroll of teleportation {unknown}
 p - a scroll of identify {unknown}
 q - a scroll of enchant armour {unknown}
Potions
 b - 2 potions of lignification
 h - a potion of attraction {unknown}
 i - 2 potions of curing {unknown}
 j - a potion of might {unknown}
 m - a potion of mutation {unknown}
 n - a potion of heal wounds {unknown}
 o - a potion of degeneration {unknown}


   Skills:
 + Level 2.0 Fighting
 - Level 1.5 Dodging
 * Level 4.5 Unarmed Combat
 * Level 4.4 Shapeshifting


You had 4 spell levels left.
You didn't know any spells.
Your spell library contained the following spells:

 Spells                   Type           Power      Damage    Failure   Level
 Malign Gateway           Summ/Tloc      0%         N/A       100%        7
 Summon Horrible Things   Summ           0%         N/A       100%        8


Dungeon Overview and Level Annotations

Branches:
Dungeon (4/15)             Temple (0/1) D:4

Altars:
Wu Jian

Shops:
D:3 (   D:4 [


Innate Abilities, Weirdness & Mutations

You are a hulking beast.
Your limbs bulge with bestial killing power. (Slay +2)
You are too large for most types of armour.
You have claws for hands.
Your natural rate of healing is unusually fast.
You are covered in fur. (AC +1)
You have tough skin. (AC +1)


Message History

The orc closely misses you.
You barely miss the orc wizard.
The orc wizard hits you with a +0 dagger of draining.
You feel drained. The orc closely misses you.
You closely miss the orc wizard.
The orc hits you with a +2 hand axe of electrocution.
The orc wizard gestures at you while chanting.
The puff of flame hits you!
You scratch the orc wizard.
The orc wizard is moderately wounded.
The orc barely misses you. The orc wizard barely misses you.
There are monsters nearby!
The orc wizard mumbles some strange words.
The orc wizard flickers and vanishes!
Deactivating autopickup; reactivate with Ctrl-A.
You closely miss the orc.
The orc hits you with a +2 hand axe of electrocution.
You scratch the orc but do no damage. Your claw misses the orc.
The orc hits you but does no damage.
You claw the orc!
You kill the orc!
The Council accepts your kill. Something hits you but does no damage.
You feel drained.
You scratch the iguana.
The iguana is moderately wounded.
You hear some strange, mumbled words.
A puff of flame appears from out of thin air!
The puff of flame hits you.
You closely miss the iguana.
The iguana is moderately wounded.
The iguana bites you! Something hits you.
You feel drained.
You scratch the iguana but do no damage.
The iguana is moderately wounded.
The iguana bites you!
* * * LOW HITPOINT WARNING * * *
Something hits you.
* * * LOW HITPOINT WARNING * * *
You feel drained. The iguana attacks as it pursues you! The iguana bites you.
You die...

#....... ..
#####.....# ## ...
###...##.).####.##...#
#....................#
#<.......###........#
##.#)....+∩#........#
###.....###.........P
##..............PPP
###.h##...........>
##...l###........PPP
#...{)#.#..#........
##...wJ....#..##...#
#...B...)##...)....
....#.......# #...##.
..###....)..# ..## .
#...$..)..#
..............


You could see a bombardier beetle, an iguana, a dart slug and an endoplasm.

Vanquished Creatures
  A bombardier beetle (D:3)
  An orc wizard (D:2)
  3 gnolls (D:2)
  4 adders
  2 dart slugs
  11 orcs
  6 endoplasms
  3 giant cockroaches
  4 hobgoblins
  A quokka (D:3)
  5 ball pythons
  5 bats
  2 frilled lizards
  7 goblins
  7 kobolds
  6 rats
68 creatures vanquished.

Notes
Turn   | Place    | Note
-------+----------+-------------------------------------------
     0 | D:1      | Alphaeus the Troll Shapeshifter began the quest for the
                  | Orb.
     0 | D:1      | Reached XP level 1. HP: 18/18 MP: 0/0
   165 | D:1      | Reached skill level 1 in Fighting
   362 | D:1      | Reached XP level 2. HP: 27/27 MP: 1/1
   743 | D:2      | Reached XP level 3. HP: 8/33 MP: 2/2
   995 | D:2      | Reached XP level 4. HP: 41/41 MP: 3/3
  1114 | D:2      | Found a faded altar of an unknown god.
  1121 | D:2      | Prayed at the altar of an unknown god.
  1121 | D:2      | Became a worshipper of the Wu Jian Council
  1121 | D:2      | Reached * piety under Wu Jian
  1617 | D:3      | Found Cuveuj's Weapon Boutique.
  1641 | D:3      | Reached XP level 5. HP: 49/49 MP: 4/4
  1866 | D:3      | Reached ** piety under Wu Jian
  2487 | D:4      | Found Ririciff's Antique Armour Boutique.
  2490 | D:4      | Found a staircase to the Ecumenical Temple.
  2517 | D:4      | HP: 2/45 [something (1)]
  2518 | D:4      | Slain by an iguana

Illustrated notes

Levels and vault maps discovered:
D:1:      lightli_arrival_chessboard, layout_loops_corners
D:2:      layout_basic, ebering_ecumenical_altar_hall, minmay_stone_trees_small
D:3:      layout_basic, serial_shops, shop
D:4:      layout_cave_pools, mainiacjoe_overflow_surrounded_room,
          minmay_temple_entry_overgrown, serial_shops,
          nicolae_shop_window_shopping, uniq_edmund

Skill      XL: |  1  2  3  4  5 |
---------------+----------------+-----
Fighting       | 1 2 |  2.0
Unarmed Combat | 4 |  4.5
Shapeshifting  | 4 |  4.4
Dodging        | |  1.5

Action                     |  1- 3 |  4- 6 || total
---------------------------+-------+-------++-------
  Melee: Unarmed           |    76 |    78 ||   154
         Punch             |     2 |     1 ||     3
Ability: Lunge             |       |    13 ||    13
   Stab: Sleeping          |       |     1 ||     1
 Armour: Animal skin       |    38 |    36 ||    74
  Dodge: Dodged            |    38 |    31 ||    69
